 Dungeon Crawl Stone Soup version 0.31-a0-848-gaac375c287 (webtiles) character file.

Game seed: 7095370210934397122

189 lunkers the Insei (level 6, -1/70 HPs)
             Began as a Meteoran Shapeshifter on Oct 4, 2023.
             Slain by an orc
             ... wielding a +0 hand axe
              (5 damage)
             ... on level 3 of the Dungeon.
             The game lasted 00:02:02 (1107 turns).

lunkers the Insei (Meteoran Shapeshifter)           Turns: 1107, Time: 00:02:02

Health: -1/70      AC: 23    Str: 16    XL:     6   Next: 21%
Magic:  7/7        EV:  2    Int: 11    God:
Gold:   101        SH:  0    Dex: 16    Spells: 5/5 levels left

rFire   . .          .
                       - Unarmed
rCold   . . .        (no shield)
rNeg    . . .        i - melded +0 scale mail
rPois   +            (helmet currently unavailable)
rElec   .            (cloak currently unavailable)
rCorr   .            (gloves currently unavailable)
SInv    .            (boots currently unavailable)
Will    .....        (no amulet)
Stlth   +            (no ring)
HPRegen 0.31/turn    (no ring)
MPRegen 0.10/turn

%: no passive effects
@: tree-form, glowing
A: stationary, stasis, torment immunity, boosted hp, sense surroundings 1,
otherworldly, glowing, explore regen
a: no special abilities


You were on level 3 of the Dungeon.
You were a tree.
You visited 1 branch of the dungeon, and saw 3 of its levels.

You collected 101 gold pieces.

Inventory:

Armour
 a - a +0 animal skin
 h - a +0 cloak
 i - a +0 scale mail (melded)
 l - a +0 pair of boots
Jewellery
 n - an amulet of guardian spirit
Talismans
 c - a beast talisman
 d - a flux talisman
Scrolls
 e - a scroll of identify {unknown}
 k - a scroll of enchant weapon {unknown}
 m - a scroll of fog {unknown}
Potions
 f - a potion of curing {unknown}
 g - a potion of heal wounds {unknown}
 j - a potion of brilliance {unknown}


   Skills:
 - Level 1.1 Fighting
 - Level 2.1 Dodging
 * Level 6.4 Unarmed Combat
 + Level 5.0 Shapeshifting


You had 5 spell levels left.
You didn't know any spells.
Your spell library contained the following spells:

 Spells                   Type           Power      Damage    Failure   Level
 Dazzling Flash           Conj/Hex       0%         N/A       71%         3
 Volatile Blastmotes      Fire/Tloc      0%         2d10      71%         3
 Starburst                Conj/Fire      0%         6d3       100%        6
 Maxwell's Capacitive Co  Air            0%         ∞         100%        8


Dungeon Overview and Level Annotations

Branches:
Dungeon (3/15) Zot: 703

Altars:
Ashenzari
Dithmenos


Innate Abilities, Weirdness & Mutations

You are a tree.
Your roots penetrate the ground, keeping you stationary.
You cannot be teleported.
You are immune to unholy pain and torment.
Your maximum health is greatly increased.
Your equipment is partially melded.
You passively map a small area around you.
You are easily found by Zot.
You glow in the dark.
You regain HP and MP as you explore.


Message History

The orc priest hits you but does no damage.
The orc hits you but does no damage.
Unknown command.
You completely miss the orc priest.
The orc wizard points at you and mumbles some strange words.
The puff of flame hits you but does no damage.
The orc priest hits you but does no damage.
The orc hits you but does no damage.
You smack the orc priest!
The orc priest is severely wounded.
The orc wizard points at you and mumbles some strange words.
The magic dart hits you.
* * * LOW HITPOINT WARNING * * *
The orc hits you but does no damage.
The orc priest calls upon Beogh to heal the orc wizard.
The orc wizard is healed somewhat.
You smack the orc priest!
You kill the orc priest!
The orc hits you but does no damage.
The orc wizard hits you but does no damage.
You have reached level 6!
You feel agile.
You hit the orc priest but do no damage.
You smack the orc priest!
The orc priest is almost dead.
The orc hits you but does no damage.
The orc priest hits you but does no damage.
The orc wizard hits you but does no damage.
You hit the orc priest.
You kill the orc priest!
The orc wizard gestures at you while chanting.
The puff of flame hits you but does no damage.
The orc hits you but does no damage.
Your Shapeshifting skill increases to level 5!
You swing at nothing.
The orc hits you but does no damage.
The orc wizard hits you but does no damage.
You smack the orc wizard!
The orc wizard is almost dead.
The orc hits you with a +0 hand axe.
You die...

* * , * , , *.# * * * * ...
############ #.#.. * *
#..........# #.#.# #*
#.########## *#.#.##.# **
#.# ##$$.# #.#..... , ####.#
#.8.8o##...#*.# * , .....#
#_$.$)♣..#.#.. *, * ...###
#$8$8o#....#.# ##.#
##...####..#.# * #.# ####
##..§.##### ##.# ##..#
#....§..... ...#
#...####..._§§...# #..#
#.#.......§..###.# *
#..########.#.####.........#
, ............#.#
#.........# * ,


You could see an orc wizard and an orc.

Vanquished Creatures
  A hound (D:3)
  2 orc priests (D:3)
  A sleepcap (D:3)
  An orc wizard (D:3)
  An adder (D:3)
  An orc (D:2)
  3 ball pythons
  An endoplasm (D:2)
  A giant cockroach (D:1)
  5 goblins
  6 hobgoblins
  A quokka (D:3)
  7 bats
  6 frilled lizards
  4 kobolds
  4 rats
45 creatures vanquished.

Notes
Turn   | Place    | Note
-------+----------+-------------------------------------------
     0 | D:1      | lunkers the Meteoran Shapeshifter began the quest for the
                  | Orb.
     0 | D:1      | Reached XP level 1. HP: 16/16 MP: 2/2
   169 | D:1      | Reached skill level 4 in Unarmed Combat
   169 | D:1      | Reached XP level 2. HP: 23/23 MP: 3/3
   345 | D:2      | Reached XP level 3. HP: 22/28 MP: 4/4
   573 | D:2      | Found a broken altar of Ashenzari.
   779 | D:3      | Identified the +11 whip "Qyfim" {flame, rElec rPois rC-
                  | rCorr}
   817 | D:3      | Reached skill level 5 in Unarmed Combat
   817 | D:3      | Reached XP level 4. HP: 25/35 MP: 5/5
  1052 | D:3      | Found a shadowy altar of Dithmenos.
  1066 | D:3      | Reached XP level 5. HP: 25/40 MP: 6/6
  1098 | D:3      | HP: 2/60 [orc priest/divine providence (13)]
  1099 | D:3      | Reached skill level 6 in Unarmed Combat
  1103 | D:3      | Reached XP level 6. HP: 3/47 MP: 7/7
  1106 | D:3      | Reached skill level 5 in Shapeshifting
  1107 | D:3      | Slain by an orc

Illustrated notes

Levels and vault maps discovered:
D:1:      heliophobic_arrival_glass_houses, layout_loops_ring,
          hellmonk_ecumenical_altar_leap_of_faith, minmay_tetromino_s4
D:2:      layout_basic, basic_altar, glass_columns_a
D:3:      layout_loops_ring, grunt_dithmenos_smoke, kennysheep_orc_chapel

Skill      XL: |  1  2  3  4  5  6 |
---------------+-------------------+-----
Unarmed Combat | 4 5 6 |  6.4
Shapeshifting  | 4 5 |  5.0
Fighting       | |  1.1
Dodging        | |  2.1

Action                     |  1- 3 |  4- 6 || total
---------------------------+-------+-------++-------
  Melee: Unarmed           |    95 |    35 ||   130
    Use: Potion            |       |     1 ||     1
 Armour: Animal skin       |    35 |       ||    35
         Scale mail        |    15 |    23 ||    38
         Skin              |       |    32 ||    32
  Dodge: Dodged            |    59 |    14 ||    73

Table legend: (Time is in decaauts)
 A = Elapsed time spent in this place.
 B = Non-inter-level travel time spent in this place.
 C = Inter-level travel time spent in this place.
 D = Time resting spent in this place.
 E = Time spent auto-exploring this place.
 F = Levels seen in this place.
 G = Mean time per level.
                   A        B        C        D        E       F      G
               +--------+--------+--------+--------+--------+-----+--------+
         Total |   1095 |   1078 |     17 |      0 |    741 |   3 |  365.0 |
       Dungeon |   1095 |   1078 |     17 |      0 |    741 |   3 |  365.0 |
               +--------+--------+--------+--------+--------+-----+--------+

Top non-repeatable levels by time:
     D:2: 486 daAuts
     D:3: 330 daAuts
     D:1: 278 daAuts
